 Dungeon Crawl Stone Soup version 0.32-a0-422-g28b100f618 (webtiles) character file.

Game seed: 8427629559565879890

203 zenocrate the Sneak (level 5, -2/36 HPs)
             Began as an Octopode Delver on Feb 21, 2024.
             Slain by an adder (3 damage)
             ... on level 2 of the Dungeon.
             The game lasted 00:01:09 (338 turns).

zenocrate the Sneak (Octopode Delver)                Turns: 338, Time: 00:01:09

Health: -2/36      AC:  1    Str: 13    XL:     5   Next: 81%
Magic:  5/5        EV: 13    Int: 13    God:
Gold:   21         SH:  0    Dex: 13    Spells: 4/4 levels left

rFire   . .          .
                       - Unarmed
rCold   . . .        (no shield)
rNeg    . . .        (helmet restricted)
rPois   +            (no amulet)
rElec   .            h - ring of poison resistance
rCorr   .            (no ring)
SInv    .            (no ring)
Will    .....        (no ring)
Stlth   ++++         (no ring)
HPRegen 0.26/turn    (no ring)
MPRegen 0.09/turn    (no ring)
                     (no ring)

%: no passive effects
@: hasted, very quick
A: almost no armour, amphibious, 8 rings, camouflage 1, gelatinous body 1,
(nimble swimmer 1), tentacles
a: no special abilities


You were on level 2 of the Dungeon.
You visited 1 branch of the dungeon, and saw 4 of its levels.

You collected 21 gold pieces.

Inventory:

Jewellery
 h - a ring of poison resistance (left tentacle)
Talismans
 f - a maw talisman
Wands
 e - a wand of digging (3)
 i - a wand of acid (14)
Scrolls
 a - 2 scrolls of fog
 b - a scroll of revelation
 g - a scroll of identify {unknown}
 j - a scroll of amnesia {unknown}


   Skills:
 - Level 3.0 Fighting
 + Level 2.0 Dodging
 - Level 6.6 Stealth
 + Level 4.3 Unarmed Combat
 + Level 3.2 Shapeshifting


You had 4 spell levels left.
You didn't know any spells.
Your spell library was empty.

Dungeon Overview and Level Annotations

Branches:
Dungeon (5/15)
 Temple: D:4-7

Altars:
Sif Muna

Annotations:
D:3 Robin
D:4 Blork the orc


Innate Abilities, Weirdness & Mutations

You cannot wear most types of armour.
You are amphibious.
You can wear up to eight rings at the same time.
Your skin changes colour to match your surroundings (Stealth+).
Your rubbery body absorbs attacks. (AC +1, EV +1)
((You are camouflaged when in or above water. (Stealth+)))
You have tentacles for arms and can constrict up to eight enemies at once.


Message History

Unknown command.
You tentacle-slap the goblin but do no damage.
Your grab misses the goblin.
The hobgoblin no longer looks unusually strong.
Unknown command.
You bludgeon the goblin!
You kill the goblin!
Robin roars a battlecry!
The goblins go into a battle-frenzy!
Unknown command.
Okay, then.
Things that are here:
a +0 dagger; a goblin corpse Unknown command.
An adder comes into view.
Found an escape hatch in the ceiling.
Found a scroll labelled XUDAMINALA.
Found a fluorescent wand.
The adder hisses angrily.
The adder bites you.
* * * LOW HITPOINT WARNING * * *
There is an escape hatch in the ceiling, spattered with blood here.
The adder closely misses you. A mysterious force pulls you upwards.
The hatch slams shut behind you.
Found a dagger.
Unknown command.
You aren't carrying any potions.
Unknown command.
Okay, then.
You tentacle-slap the adder. Your grab misses the adder.
The adder is moderately wounded.
The goblin shouts!
The adder bites you.
* * * LOW HITPOINT WARNING * * *
Unknown command.
Unknown command.
You barely miss the adder. Your grab misses the adder.
The adder is moderately wounded.
The adder bites you.
You die...

......
.....
....
.).##
...#
#..####
#.....#
#.@S#
###g..#
##.....
.#..
.#. ..
.


You could see an adder and a goblin.

Vanquished Creatures
  Sigmund (D:4)
  An iguana (D:5)
  A shadow imp (D:4)
  A giant cockroach (D:4)
  5 goblins (D:3)
9 creatures vanquished.

Notes
Turn   | Place    | Note
-------+----------+-------------------------------------------
     0 | D:5      | zenocrate the Octopode Delver began the quest for the Orb.
     0 | D:5      | Reached XP level 1. HP: 16/16 MP: 1/1
     0 | D:5      | Found a shimmering blue altar of Sif Muna.
    64 | D:5      | Noticed a sleepcap
    64 | D:5      | Noticed a black bear
    98 | D:5      | Noticed a lemure
    98 | D:5      | Noticed a lemure
   112 | D:5      | Noticed a lemure
   130 | D:5      | Noticed an iguana
   141 | D:5      | Killed an iguana
   142 | D:5      | Reached skill level 1 in Shapeshifting
   142 | D:5      | Reached XP level 2. HP: 21/21 MP: 2/2
   142 | D:5      | Reached XP level 3. HP: 26/26 MP: 3/3
   271 | D:4      | Noticed Sigmund
   283 | D:4      | Killed Sigmund
   284 | D:4      | Reached XP level 4. HP: 31/31 MP: 4/4
   284 | D:4      | Reached XP level 5. HP: 36/36 MP: 5/5
   298 | D:4      | Noticed Blork the orc
   304 | D:3      | Noticed Robin
   337 | D:2      | HP: 1/36 [adder (2)]
   338 | D:2      | Slain by an adder

Illustrated notes

Levels and vault maps discovered:
D:2:      layout_rooms
D:3:      layout_rooms, lemuel_tele_altar, uniq_robin, uniq_terence,
          uniq_grinder
D:4:      minmay_clustersquares, layout_basic, uniq_ijyb, uniq_blork_the_orc,
          uniq_crazy_yiuf_cottage, uniq_sigmund, uniq_eustachio
D:5:      layout_loops_ring, mainiacjoe_overflow_concentric_impassable,
          uniq_pikel

Skill      XL: |  1  2  3 |
---------------+----------+-----
Shapeshifting  | 1 3 |  3.2
Unarmed Combat | 4 |  4.3
Fighting       | |  3.0
Dodging        | |  2.0
Stealth        | |  6.6

Action                     |  1- 3 |  4- 6 || total
---------------------------+-------+-------++-------
  Melee: Unarmed           |    21 |    13 ||    34
         Punch             |     2 |       ||     2
         Constrict         |     4 |     2 ||     6
         Tentacles         |     3 |       ||     3
    Use: Scroll            |       |     1 ||     1
         Potion            |       |     1 ||     1
   Stab: Sleeping          |     2 |       ||     2
 Armour: Skin              |     6 |    16 ||    22
  Dodge: Dodged            |    10 |     6 ||    16

Table legend: (Time is in decaauts)
 A = Elapsed time spent in this place.
 B = Non-inter-level travel time spent in this place.
 C = Inter-level travel time spent in this place.
 D = Time resting spent in this place.
 E = Time spent auto-exploring this place.
 F = Levels seen in this place.
 G = Mean time per level.
                   A        B        C        D        E       F      G
               +--------+--------+--------+--------+--------+-----+--------+
         Total |    328 |    328 |      0 |      0 |    181 |   4 |   82.0 |
       Dungeon |    328 |    328 |      0 |      0 |    181 |   4 |   82.0 |
               +--------+--------+--------+--------+--------+-----+--------+

Top non-repeatable levels by time:
     D:5: 158 daAuts
     D:4: 143 daAuts
     D:3: 26 daAuts
     D:2: 1 daAuts
